 Dungeon Crawl Stone Soup version 0.27.0-1-g7a089689b8 (webtiles) character file.

Game seed: 2381603465854390704

8 horus123 the Sneak (level 2, 0/19 HPs)
             Began as an Octopode Brigand on Aug 8, 2021.
             Slain by a goblin (2 damage)
             ... on level 1 of the Dungeon.
             The game lasted 00:00:45 (123 turns).

horus123 the Sneak (Octopode Brigand)                Turns: 123, Time: 00:00:45

Health: 0/19       AC:  1    Str: 10    XL:     2   Next: 8%
Magic:  2/2        EV: 12    Int: 13    God:
Gold:   0          SH:  0    Dex: 13    Spells: 1/1 levels left

rFire    . . .     SeeInvis .   a - +2 dagger
rCold    . . .     Faith    .   (no shield)
rNeg     . . .     Spirit   .   (helmet restricted)
rPois    .         Reflect  .   (no amulet)
rElec    .         Harm     .   (no ring)
rCorr    .         Rampage  .   (no ring)
Will     .....                  (no ring)
Stlth    ++++......             (no ring)
HPRegen  0.06/turn              (no ring)
MPRegen  0.08/turn              (no ring)
                                (no ring)
                                (no ring)

@: no status effects
A: almost no armour, amphibious, 8 rings, camouflage 1, gelatinous body 1,
(nimble swimmer 1), tentacles
a: no special abilities


You were on level 1 of the Dungeon.
You visited 1 branch of the dungeon, and saw 1 of its levels.

Inventory:

Hand Weapons
 a - a +2 dagger (weapon)
Missiles
 b - 8 poisoned darts (quivered)
 c - 2 curare-tipped darts
Scrolls
 d - a scroll of identify {unknown}


   Skills:
 + Level 2.0 Fighting
 + Level 2.1 Short Blades
 + Level 2.0 Throwing
 + Level 1.0 Dodging
 * Level 5.9 Stealth


You had one spell level left.
You didn't know any spells.
Your spell library was empty.

Dungeon Overview and Level Annotations

Branches:
Dungeon (1/15)

Altars:


Innate Abilities, Weirdness & Mutations

You cannot wear most types of armour.
You are amphibious.
You can wear up to eight rings at the same time.
Your skin changes colour to match your surroundings (Stealth+).
Your rubbery body absorbs attacks. (AC +1, EV +1)
((You are camouflaged near water. (Stealth+)))
You have tentacles for arms and can constrict up to eight enemies at once.


Message History

The bat is severely wounded.
You constrict the bat.
You kill the bat!
You hit the quokka. You grab the quokka.
The quokka is severely wounded.
You constrict the quokka, but do no damage.
The quokka completely misses you.
You hit the quokka but do no damage.
The quokka is severely wounded.
You constrict the quokka, but do no damage.
The quokka barely misses you. The quokka closely misses you.
You hit the quokka.
You kill the quokka!
You have reached level 2!
A kobold comes into view. It is wielding a +0 whip.
A bat, an endoplasm and a goblin come into view.
Found a sapphire potion.
The helpless ball python fails to defend itself.
You impale the ball python!!
You kill the ball python!
The kobold shouts!
The endoplasm quivers.
The goblin shouts!
The bat hits you but does no damage.
You miss the bat. You grab the bat. You constrict the bat. The bat misses you.
The bat struggles to escape constriction.
You hit the bat.
The bat is heavily wounded.
You constrict the bat, but do no damage.
The bat hits you but does no damage.
The bat escapes!
The kobold throws a stone.
The stone hits you.
* * * LOW HITPOINT WARNING * * *
The bat barely misses you. The bat hits you but does no damage.
Found a whip and 6 gold pieces.
The bat hits you but does no damage. The bat hits you.
* * * LOW HITPOINT WARNING * * *
The goblin hits you with a +0 club.
You die...

# #. ..# ####. ....
...#.######.$...
.)......@.........
##.#..Kgb#.......#.
#.B...# ........ #
####...J.# !......
#.#....#...+ ..... #
.....#...# ......#
#......#...###.#....#
#...##.#.........#
+....†...............


You could see an endoplasm, a giant cockroach, a goblin, a bat and a kobold.

Vanquished Creatures
  An endoplasm (D:1)
  4 quokkas (D:1)
  A ball python (D:1)
  A bat (D:1)
7 creatures vanquished.

Notes
Turn   | Place    | Note
-------+----------+-------------------------------------------
     0 | D:1      | horus123 the Octopode Brigand began the quest for the Orb.
     0 | D:1      | Reached XP level 1. HP: 14/14 MP: 1/1
   104 | D:1      | Reached XP level 2. HP: 4/19 MP: 2/2
   123 | D:1      | Slain by a goblin

Illustrated notes

Levels and vault maps discovered:
D:1:      grunt_arrival_crossed_arrows, layout_basic,
          shapermc_ecumenical_altar_starsandcircs, serial_shops,
          nicolae_square_shop

Action                   || total
-------------------------++-------
Melee: Dagger            ||    17
       Constrict         ||     5
       Tentacles         ||     2
 Stab: Sleeping          ||     1
Armor: Skin              ||     7
Dodge: Dodged            ||    11
